 Dungeon Sprint DCSS version 0.27-a0-1154-gfdeffcb720 (webtiles) character file.

Game seed: 7394172058925796248

2339 Zeld the Zephyrmancer (level 9, -7/64 HPs)
             Began as an Octopode Air Elementalist on May 14, 2021.
             Was a Priest of Sif Muna.
             Mangled by a +0 dire flail of holy wrath (27 damage)
             ... in the Dungeon (Sprint V: "Ziggurat Sprint").
             The game lasted 00:03:14 (1124 turns).

Zeld the Zephyrmancer (Octopode Air Elementalist)   Turns: 1124, Time: 00:03:15

Health: -7/64      AC:  9    Str:  8    XL:     9   Next: 43%
Magic:  25/30      EV: 16    Int: 32    God:    Sif Muna [***...]
Gold:   0          SH:  0    Dex: 12    Spells: 12/24 levels left

rFire    . . .     SeeInvis .   (no weapon)
rCold    . . .     Faith    .   (no shield)
rNeg     . . .     Spirit   .   (helmet restricted)
rPois    .         Reflect  .   (no amulet)
rElec    .         Harm     .   s - +6 ring of intelligence
rCorr    .         Rampage  .   t - +6 ring of intelligence
Will     .....     NoTele   +   g - ring of the Tortoise {AC+8}
Stlth    +++.......             v - ring of magical power
HPRegen  0.20/turn              (no ring)
MPRegen  0.22/turn              (no ring)
                                (no ring)
                                (no ring)

@: no status effects
A: almost no armour, amphibious, 8 rings, camouflage 1, gelatinous body 1,
(nimble swimmer 1), tentacles
a: Renounce Religion, Channel Magic, Forget Spell


You were in the Dungeon.
You worshipped Sif Muna.
Sif Muna was most pleased with you.
You visited 1 branch

Inventory:

Jewellery
 g - the ring of the Tortoise (on tentacle) {AC+8}
   (You found it in the Dungeon)

   [ring of protection]

   It affects your AC (+8).
 s - a +6 ring of intelligence (left tentacle)
 t - a +6 ring of intelligence (right tentacle)
 v - a ring of magical power (on tentacle)
Wands
 p - a wand of mindburst (7)
 r - a wand of acid (1)
Scrolls
 j - 4 scrolls of amnesia
 l - 7 scrolls of fog
 m - a scroll of holy word
 n - 5 scrolls of identify
 o - 2 scrolls of fear
Potions
 a - 2 potions of brilliance
 b - 10 potions of curing
 c - 8 potions of heal wounds
 d - 6 potions of haste
 e - 7 potions of magic
 f - 3 potions of berserk rage
 h - 2 potions of invisibility
 i - 4 potions of resistance
 k - 5 potions of might
Miscellaneous
 q - a box of beasts
 u - a lightning rod (4/4)


   Skills:
 + Level 7.4 Fighting
 + Level 8.1 Dodging
 - Level 2.6 Stealth
 + Level 8.3 Spellcasting
 - Level 1.0 Conjurations
 * Level 12.3 Air Magic
 * Level 11.4 Invocations


You had 12 spell levels left.
You knew the following spells:

 Your Spells              Type           Power      Damage    Failure   Level
a - Shock                 Conj/Air       100%       1d9       1%          1
b - Static Discharge      Conj/Air       54%        N/A       1%          2
c - Airstrike             Air            37%        N/A       1%          4
d - Lightning Bolt        Conj/Air       27%        1d43      6%          5

Your spell library contained the following spells:

 Spells                   Type           Power      Damage    Failure   Level
 Swiftness                Air            75%        N/A       1%          3
 Summon Lightning Spire   Summ/Air       51%        N/A       2%          4
 Summon Small Mammal      Summ           52%        N/A       3%          1
 Call Imp                 Summ           13%        N/A       5%          2
 Call Canine Familiar     Summ           13%        N/A       11%         3
 Summon Guardian Golem    Hex/Summ       13%        N/A       11%         3
 Summon Ice Beast         Ice/Summ       13%        N/A       34%         4


Dungeon Overview and Level Annotations

Branches:
Dungeon (1/1)

Altars:
Ashenzari
Cheibriados
Dithmenos
Elyvilon
Fedhas
Gozag
Hepliaklqana
Kikubaaqudgha
Makhleb
Nemelex Xobeh
Okawaru
Qazlal
Ru
Sif Muna
Trog
Uskayaw
Vehumet
Wu Jian
Xom
Yredelemnul
Zin
The Shining One
Beogh
Jiyva
Lugonu

Annotations:
D 1 transporter


Innate Abilities, Weirdness & Mutations

You cannot wear most types of armour.
You are amphibious.
You can wear up to eight rings at the same time.
Your skin changes colour to match your surroundings (Stealth+).
Your rubbery body absorbs attacks. (AC +1, EV +1)
((You are camouflaged near water. (Stealth+)))
You have tentacles for arms and can constrict up to eight enemies at once.


Message History

Aiming: Corrosive Bolt
Press: ? - help, Shift-Dir - straight line The bolt of acid hits the +0 dire flail of holy wrath.
The +0 dire flail of holy wrath is splashed with acid!
The +0 dire flail of holy wrath is almost destroyed.
The bolt of acid hits the deep elf archer!
The deep elf archer is splashed with acid!
The acid corrodes the deep elf archer!
The deep elf archer is moderately wounded.
The +0 dire flail of holy wrath misses you.
Unknown command.
Okay, then.
Casting: Lightning Bolt (dangerous; 6% risk of failure)
Confirm with . or Enter, or press ? or * to list all spells.
Aiming: Lightning Bolt (dangerous; 6% risk of failure)
Press: ? - help, Shift-Dir - straight line, f - deep elf archer
Aim: a deep elf archer, wielding a +0 shortbow, wearing a +0 leather armour and quivering arrows (moderately wounded, repelling missiles, 28% to hit)
You hear a mighty clap of thunder!
The bolt of lightning hits the +0 dire flail of holy wrath.
The +0 dire flail of holy wrath completely resists.
The +0 dire flail of holy wrath is almost destroyed.
The bolt of lightning misses the deep elf archer.
The bolt of lightning hits the deep elf archer!!
The deep elf archer is almost dead.
The +0 dire flail of holy wrath hits you!
The +0 dire flail of holy wrath hits you!!
* * * LOW HITPOINT WARNING * * *
The +2 vampiric battleaxe hits you.
* * * LOW HITPOINT WARNING * * *
Unknown command.
Okay, then.
You feel much better.
The +0 dire flail of holy wrath barely misses you.
The deep elf archer blinks!
The +2 vampiric battleaxe hits you!!
* * * LOW HITPOINT WARNING * * *
Unknown command.
You feel much better.
The +0 dire flail of holy wrath hits you.
The +0 dire flail of holy wrath hits you!!
You die...

▓..©..▓..©..▓▓▓▓▓▓▓
▓▓▓▓▓▓▓▓▓▓▓▓▓▓▓▓▓▓▓
▓..8©8...▓..8©8...▓
▓..))|...▓..:})...▓
▓........▓..:.=...▓
▓...)....▓....E...▓
▓........▓...e....▓
▓.▓.)..▓.▓.▓((§e▓.▓
▓...©....▓...@....▓
▓▓▓▓▓▓▓▓▓▓▓▓▓▓▓▓▓▓▓


You could see 2 deep elf archers, an earth elemental and 2 dancing weapons.

Vanquished Creatures
  A deep elf elementalist (D)
  A dancing weapon (D)
  2 polar bears (D)
  A water elemental (D)
  An orc priest (D)
  An orc wizard (D)
  A white imp (D)
  An adder skeleton (D)
  An adder simulacrum (D)
  2 orcs (D)
  A bat zombie (D)
13 creatures vanquished.

Notes
Turn   | Place    | Note
-------+----------+-------------------------------------------
     0 | D        | Zeld the Octopode Air Elementalist began the quest for the
                  | Orb.
     0 | D        | Reached XP level 1. HP: 11/11 MP: 3/3
     0 | D        | Found a shimmering blue altar of Sif Muna.
     0 | D        | Found a bloodstained altar of Trog.
     0 | D        | Found a sacrificial altar of Ru.
     0 | D        | Found a stormy altar of Qazlal.
     0 | D        | Found an iron altar of Okawaru.
     1 | D        | Found a sparkling altar of Nemelex Xobeh.
     1 | D        | Found a blossoming altar of Fedhas.
     2 | D        | Found the +6 Majin-Bo {vamp, MP+6 Int+6}
     2 | D        | Found the +9 heavy crossbow "Sniper" {vorpal, Acc+∞ SInv}
     2 | D        | Found the +10 dark maul {vorpal}
     2 | D        | Found the +15 Maxwell's patent armour {-Cast -Tele rElec
                  | Will+ rCorr}
     2 | D        | Found the +18 shield of the Gong {rElec rN+ Will+ EV-5}
     2 | D        | Found the +14 obsidian axe {vorpal, Drain Fly SInv}
     2 | D        | Found the +7 great mace "Firestarter" {inner flame, rF++}
     2 | D        | Found the +6 shillelagh "Devastator" {shatter}
     2 | D        | Found the +11 plutonium sword {Contam Stlth-}
     2 | D        | Found the +8 lance "Wyrmbane" {slay drac, rPois rF+ rC+
                  | AC+3}
     2 | D        | Found the +9 sword of Zonguldrok {reap}
     2 | D        | Found the +13 scythe of Curses {drain, Drain}
     2 | D        | Found the +5 sword of Power {vorpal}
     2 | D        | Found the +7 mace of Variability {chain chaos}
     2 | D        | Found the +7 Singing Sword {vorpal, sonic wave}
     2 | D        | Found the +8 storm bow {elec, penet}
     3 | D        | Reached skill level 6 in Air Magic
     3 | D        | Reached XP level 2. HP: 17/17 MP: 4/7
     4 | D        | Found a transporter.
     4 | D        | Found an ancient bone altar of Kikubaaqudgha.
     4 | D        | Found a viscous altar of Jiyva.
     4 | D        | Found a corrupted altar of Lugonu.
     4 | D        | Found a hazy altar of Hepliaklqana.
     4 | D        | Found a burning altar of Makhleb.
     4 | D        | Found an opulent altar of Gozag.
    43 | D        | Became a worshipper of Sif Muna the Loreminder
    49 | D        | Learned a level 2 spell: Static Discharge
   116 | D        | Entered arena 2.
   116 | D        | Found a transporter.
   327 | D        | Entered arena 3.
   327 | D        | Noticed a deep elf elementalist
   327 | D        | Noticed a +5 vampiric long sword
   327 | D        | Noticed a water elemental
   327 | D        | Found a transporter.
   328 | D        | Found the ring of the Tortoise {AC+8}
   330 | D        | Killed a +5 vampiric long sword
   330 | D        | Reached * piety under Sif Muna
   330 | D        | Killed a water elemental
   331 | D        | Reached skill level 5 in Fighting
   331 | D        | Reached skill level 10 in Air Magic
   331 | D        | Reached XP level 3. HP: 29/29 MP: 8/11
   331 | D        | Reached XP level 4. HP: 35/35 MP: 8/12
   331 | D        | Reached XP level 5. HP: 39/39 MP: 9/14
   331 | D        | Reached XP level 6. HP: 45/45 MP: 9/15
   331 | D        | Reached XP level 7. HP: 50/50 MP: 10/17
   343 | D        | Killed a deep elf elementalist
   344 | D        | Reached skill level 11 in Air Magic
   344 | D        | Reached skill level 10 in Invocations
   344 | D        | Reached XP level 8. HP: 15/58 MP: 9/19
   344 | D        | Reached XP level 9. HP: 16/63 MP: 9/20
   349 | D        | Learned a level 4 spell: Airstrike
   355 | D        | Learned a level 5 spell: Lightning Bolt
   683 | D        | Entered arena 4.
   683 | D        | Noticed a polar bear
   683 | D        | Noticed a polar bear
   683 | D        | Found a transporter.
   685 | D        | Reached ** piety under Sif Muna
   686 | D        | Killed a polar bear
   687 | D        | Reached skill level 12 in Air Magic
   694 | D        | Killed a polar bear
   925 | D        | Entered arena 5.
   925 | D        | Found a transporter.
   927 | D        | Reached *** piety under Sif Muna
  1118 | D        | Entered arena 6.
  1118 | D        | Noticed a +2 vampiric battleaxe
  1118 | D        | Noticed a +0 dire flail of holy wrath
  1118 | D        | Noticed a deep elf archer
  1118 | D        | Noticed a deep elf archer
  1118 | D        | Found a transporter.
  1122 | D        | HP: 1/64 [+2 vampiric battleaxe (4)]
  1124 | D        | Mangled by a +0 dire flail of holy wrath

Illustrated notes

Levels and vault maps discovered:
D:        sprint_v [room_start, room_1, room_2, room_3, room_4, room_5, room_6,
          room_7, room_8, room_9, room_10, room_11, room_12, room_13, room_14,
          room_15, room_16, room_17, room_18, room_19, room_20, room_21,
          room_22, room_23, room_24, room_25, room_26, room_27]

Skill      XL: |  1  2  3  4  5  6  7  8  9 |
---------------+----------------------------+-----
Spellcasting   | 4 6 7 8 |  8.3
Air Magic      | 6 10 11 12 | 12.3
Fighting       | 5 6 7 |  7.4
Dodging        | 6 7 8 |  8.1
Invocations    | 8 10 11 | 11.4
Stealth        | |  2.6
Conjurations   | |  1.0

Action                   |  1- 3 |  4- 6 |  7- 9 || total
-------------------------+-------+-------+-------++-------
Melee: Unarmed           |       |       |     7 ||     7
       Constrict         |       |       |     1 ||     1
       Tentacles         |       |       |     1 ||     1
 Cast: Static Discharge  |       |       |     1 ||     1
       Lightning Bolt    |       |       |     9 ||     9
Invok: Channel Magic     |       |       |     1 ||     1
Evoke: Wand              |     3 |       |    10 ||    13
       Lightning rod     |     2 |       |       ||     2
  Use: Potion            |     1 |       |     2 ||     3
       Scroll            |       |       |     4 ||     4
Armor: Skin              |       |       |     6 ||     6
Dodge: Dodged            |       |       |    13 ||    13

Table legend: (Time is in decaauts)
 A = Elapsed time spent in this place.
 B = Non-inter-level travel time spent in this place.
 C = Inter-level travel time spent in this place.
 D = Time resting spent in this place.
 E = Time spent auto-exploring this place.
 F = Levels seen in this place.
 G = Mean time per level.
                   A        B        C        D        E       F      G
               +--------+--------+--------+--------+--------+-----+--------+
         Total |   1122 |   1122 |      0 |    961 |      0 |   1 | 1122.0 |
       Dungeon |   1122 |   1122 |      0 |    961 |      0 |   1 | 1122.0 |
               +--------+--------+--------+--------+--------+-----+--------+

Top non-repeatable levels by time:
       D: 1122 daAuts
